 Dungeon Crawl Stone Soup version 0.23-a0-182-g58cdd98 (webtiles) character file.

23 namelastname112 the Skirmisher (level 2, -3/27 HPs)
             Began as a Draconian Wanderer on Sept 20, 2018.
             Killed from afar by a white imp (5 damage)
             ... with a puff of frost
             ... summoned by Natasha
             ... on level 2 of the Dungeon.
             The game lasted 00:01:08 (543 turns).

namelastname112 the Skirmisher (Draconian Wanderer)  Turns: 543, Time: 00:01:09

Health: -3/27      AC:  6    Str: 15    XL:     2   Next: 75%
Magic:  5/5        EV: 12    Int: 11    God:
Gold:   70         SH:  0    Dex: 10    Spells: 5/5 levels left

rFire    . . .     SeeInvis +   a - +0 short sword
rCold    . . .     Gourm    .   (no shield)
rNeg     . . .     Faith    .   (armour unavailable)
rPois    .         Spirit   .   (helmet restricted)
rElec    .         Reflect  .   (no cloak)
rCorr    .         Harm     .   (no gloves)
MR       .....                  k - +1 pair of boots
Stlth    +.........             (no amulet)
HPRegen  0.09/turn              i - ring of see invisible
MPRegen  0.09/turn              j - ring of flight

@: slowed, very slow
A: unfitting armour, cold-blooded, AC +4
a: Evoke Flight


You were on level 2 of the Dungeon.
You were not hungry.

You visited 1 branch of the dungeon, and saw 2 of its levels.

You collected 70 gold pieces.

Inventory:

Hand Weapons
 a - a +0 short sword (weapon)
Armour
 k - a +1 pair of boots (worn)
Jewellery
 i - a ring of see invisible (left hand)
 j - a ring of flight (right hand)
Scrolls
 b - a scroll of teleportation
 d - 5 scrolls of identify {unknown}
 e - a scroll of noise {unknown}
 h - a scroll of remove curse {unknown}
Potions
 g - a potion of lignification {unknown}
Comestibles
 f - 2 rations


   Skills:
 + Level 3.9 Fighting
 + Level 1.4 Dodging
 - Level 1.0 Stealth
 - Level 2.0 Spellcasting
   Level 1.0 Necromancy
   Level 2.0 Earth Magic
 - Level 1.0 Evocations


You had 5 spell levels left.
You didn't know any spells.
Your spell library contained the following spells:

 Spells                   Type           Power        Failure   Level  Hunger
 Sandblast                Erth           #.....       13%         1    ##.....
 Animate Skeleton         Necr           N/A          19%         1    ##.....
 Pain                     Necr           #...         19%         1    ##.....
 Stone Arrow              Conj/Erth      #.....       50%         3    ####...
 Vampiric Draining        Necr           #.........   50%         3    ####...
 Regeneration             Chrm/Necr      #.........   56%         3    ####...
 Animate Dead             Necr           N/A          88%         4    #####..


Dungeon Overview and Level Annotations

Branches:
Dungeon (2/15)

Altars:
Okawaru

Annotations:
D:2 Natasha


Innate Abilities, Weirdness & Mutations

Your plain brown scales are hard. (AC +4)
You cannot fit into any form of body armour.
You are cold-blooded and may be slowed by cold attacks.


Message History

You closely miss Natasha.
Your tail-slap misses Natasha.
Natasha claws you. The white imp gestures at you. The puff of frost hits you!
* * * LOW HITPOINT WARNING * * *
You are too injured to fight recklessly!
You take 15 damage, and have 2/27 hp.
MASSIVE DAMAGE!!
You are too injured to fight recklessly!
You are too injured to fight recklessly!
You are too injured to fight recklessly!
You are too injured to fight recklessly!
You are too injured to fight recklessly!
You are too injured to fight recklessly!
You are too injured to fight recklessly!
There are monsters nearby!
It was a potion of cancellation.
You feel magically purged. Natasha casts a spell at you.
You feel yourself slow down. The white imp gestures at you.
The puff of frost hits you!
You die...

# #. #.## ...
#h######.#
#.@)....%#
#.5####### #..#
.##.#..########
..........†....#
#.##.#..##.#####
#.#..##.# #
#..##.# #..##.#


You could see Natasha and a white imp.

Vanquished Creatures
  3 bats
  2 giant cockroaches (D:1)
  2 goblins
  5 hobgoblins
  2 jackals (D:1)
  3 frilled lizards (D:1)
  2 kobolds (D:1)
  2 rats (D:1)
21 creatures vanquished.

Notes
Turn   | Place    | Note
-------+----------+-------------------------------------------
     0 | D:1      | namelastname112 the Draconian Wanderer began the quest for
                  | the Orb.
     0 | D:1      | namelastname112 set off with: a scroll of teleportation, a
                  | +0 club, a ration
     0 | D:1      | Reached XP level 1. HP: 19/19 MP: 3/3
   170 | D:1      | Reached skill level 1 in Dodging
   170 | D:1      | Reached XP level 2. HP: 25/26 MP: 5/5
   393 | D:2      | Found an iron altar of Okawaru.
   533 | D:2      | Noticed Natasha
   543 | D:2      | Killed from afar by a white imp

Vault maps used:
D:1:      lemuel_arrival_behind_the_door_small
D:2:      overflow_temple_1_default, minitemple, grunt_ministairs_3,
          kennysheep_generic_room_12, uniq_natasha

Skill      XL: |  1 |
---------------+----+-----
Dodging        | 1 |  1.4
Fighting       | |  3.9
Stealth        | |  1.0
Spellcasting   | |  2.0
Necromancy     | |  1.0
Earth Magic    | |  2.0
Evocations     | |  1.0

Action                   || total
-------------------------++-------
Melee: Short sword       ||    50
       Club              ||     8
       Tailslap          ||     8
  Use: Potion            ||     1
 Stab: Sleeping          ||     3
Armor: Skin              ||    20
Dodge: Dodged            ||    39

Table legend:
 A = Non-vault XP
 B = Vault XP
 C = Vault XP percentage of total XP
 D = Non-vault monster count
 E = Vault monster count
 F = Vault count percentage of total count
                 A         B        C        D         E       F
            +---------+---------+-------+---------+---------+-------
      Total |      34 |       0 |   0.0 |      21 |       0 |   0.0
            +---------+---------+-------+---------+---------+-------
        D:1 |      25 |       0 |   0.0 |      16 |       0 |   0.0
        D:2 |       9 |       0 |   0.0 |       5 |       0 |   0.0
            +---------+---------+-------+---------+---------+-------
